 Dungeon Crawl Stone Soup version 0.21.0 (webtiles) character file.

2512366 Gorglomux the Champion of Chaos (level 25, 243/243 HPs)
             Began as a Deep Dwarf Fighter on Jan 5, 2018.
             Was the Champion of Makhleb.
             Escaped with the Orb
             ... and 3 runes!
             The game lasted 00:54:05 (33521 turns).

Gorglomux the Champion of Chaos (DDFi)             Turns: 33521, Time: 00:54:06

Health: 243/243    AC: 34    Str: 29    XL:     25   Next: 74%
Magic:  10/10      EV: 17    Int: 14    God:    Makhleb [******]
Gold:   224        SH: 32    Dex: 15    Spells: 24/24 levels left

rFire    + + .     SeeInvis +   a - +8 broad axe (flame)
rCold    + + +     Gourm    .   r - +8 large shield of Boiling Hail {rElec Dex+3}
rNeg     + . .     Faith    .   q - +5 gold dragon scales
rPois    +         Spirit   .   t - +2 helmet
rElec    +         Reflect  .   (no cloak)
rCorr    .         Harm     .   o - +0 pair of gloves "Antirall" {+Blink rPois rC+ Regen+} (curse)
MR       +++..                  (no boots)
Stlth    ..........             (no amulet)
HPRegen  0.00/turn              f - ring of protection from fire
MPRegen  0.12/turn              s - ring "Ynauv" {+Fly rC+ Slay+2}

@: non-regenerating
A: damage resistance, heal wounds, thin skeletal structure 1, see invisible,
clever 1, clumsy 1, cold resistance 1, low mp 1, negative energy resistance 1,
sense surroundings 3, no regeneration
0: Orb of Zot
}: 3/15 runes: serpentine, barnacled, silver
a: Heal Wounds, Minor Destruction, Lesser Servant of Makhleb, Major Destruction,
Greater Servant of Makhleb, Renounce Religion, Evoke Blink, Evoke Flight


You escaped.
You worshipped Makhleb.
Makhleb was exalted by your worship.
You were not hungry.

You visited 9 branches of the dungeon, and saw 47 of its levels.
You also visited: Ossuary.

You collected 4324 gold pieces.
You spent 4100 gold pieces at shops.

Inventory:

Hand Weapons
 a - a +8 broad axe of flaming (weapon)
 J - a +2 broad axe of flaming
Missiles
 Z - 6 throwing nets (quivered)
Armour
 o - the cursed +0 pair of gloves "Antirall" (worn) {+Blink rPois rC+ Regen+}
   (You bought it in a shop on level 1 of the Depths)

   It protects you from cold.
   It protects you from poison.
   It lets you blink.
   It increases your rate of regeneration.
   It has a curse placed upon it.
 q - +5 gold dragon scales (worn)
 r - the +8 large shield of Boiling Hail (worn) {rElec Dex+3}
   (You acquired it on level 2 of the Snake Pit)

   It affects your dexterity (+3).
   It insulates you from electricity.
 t - a +2 helmet (worn)
Jewellery
 f - a ring of protection from fire (left hand)
 g - an uncursed ring of resist corrosion
 m - an uncursed ring of protection from magic
 s - the ring "Ynauv" (right hand) {+Fly rC+ Slay+2}
   (You found it on level 5 of the Vaults)

   [ring of flight]

   It affects your accuracy and damage with ranged weapons and melee attacks
   (+2).
   It protects you from cold.
   It lets you fly.
Wands
 A - a wand of acid (35)
 D - a wand of digging (4)
 E - a wand of enslavement (18)
 I - a wand of iceblast (31)
 O - a wand of clouds (14)
 P - a wand of paralysis (40)
 S - a wand of scattershot (8)
Scrolls
 k - 2 scrolls of silence
 u - 5 scrolls of summoning
 x - 2 scrolls of immolation
 B - 12 scrolls of blinking
 G - 3 scrolls of holy word
 K - 8 scrolls of fear
 M - 2 scrolls of magic mapping
 N - 10 scrolls of remove curse
 R - a scroll of identify
 T - 12 scrolls of teleportation
 V - 10 scrolls of fog
Potions
 b - 10 potions of heal wounds
 d - 8 potions of might
 e - 2 potions of agility
 i - 9 potions of mutation {!q}
 j - 9 potions of brilliance
 n - 9 potions of lignification
 p - 4 potions of cancellation
 v - 4 potions of flight
 w - a potion of berserk rage
 y - 2 potions of resistance
 C - a potion of invisibility
 F - 9 potions of haste
 H - 5 potions of ambrosia
 L - 4 potions of magic
 Q - 16 potions of curing
Miscellaneous
 U - a box of beasts
 W - a sack of spiders
 X - a phial of floods
 Y - a lamp of fire
Comestibles
 h - 60 rations


   Skills:
 + Level 17.8 Fighting
 + Level 20.5 Axes
 + Level 20.6 Armour
 + Level 20.4 Dodging
 + Level 20.6 Shields
 + Level 22.9 Invocations


You had 24 spell levels left.
You didn't know any spells.

Dungeon Overview and Level Annotations

Branches:
Dungeon (15/15)            Temple (1/1) D:4            Lair (6/6) D:11
 Shoals (4/4) Lair:4        Snake (4/4) Lair:4        Slime (0/5) Lair:6
    Orc (2/2) D:11            Elf (0/3) Orc:2        Vaults (5/5) D:13
  Crypt (0/3) Vaults:3     Depths (5/5) D:15            Zot (5/5) Depths:5

Altars:
Ashenzari
Dithmenos
Elyvilon
Makhleb
Qazlal
Sif Muna
Trog
Uskayaw
Vehumet
The Shining One
Jiyva

Shops:
D:5 [   D:8 (   D:9 %[   D:11 (   D:13 %   D:15 *   Orc:2 ((!*   Shoals:1 *
Snake:1 }}   Vaults:3 %?   Vaults:5 !   Depths:1 [

Portals:
Hell: Depths:1 Depths:2 Depths:4
Abyss: Depths:1 Depths:4

Annotations:
D:5 exclusion: door
D:7 1 runed door, Suckerboh's ghost, novice KoBe
Lair:5 exclusion: 2 oklob plants
Vaults:5 Sojobo


Innate Abilities, Weirdness & Mutations

You are resistant to damage.
You can heal yourself by infusing magical energy.
You resist negative energy. (rN+)
You passively map a large area around you.
You do not regenerate.
You have a somewhat thin skeletal structure. (Dex +2, Stealth)
You have supernaturally acute eyesight. (SInv)
Your mind is acute. (Int +2)
You are clumsy. (Dex -2)
Your flesh is cold resistant. (rC+)
Your magical capacity is low. (-10% MP)


Message History

No target in view!!!
No target in view!!!
No target in view!!!
No target in view!!!
No target in view!!!
No target in butt!!!
No target in view!!!
You climb upwards!
There is a stone staircase leading down here!
(D) Dungeon (T) Temple (L) Lair (A) Shoals (Butt) Snake Pit (M) Slime Pits (O) Orcish Mines (E) Elven Halls (V) Vaults (C) Crypt (U) Depths (H) Hell (Z) Zot
Where to? (Enter - D:1 @ (x,y), ? - help) 2 red devils and a balrug come into view!
The balrug gestures at you!
The bolt of fire misses the red devil!
The bolt of fire misses you!
The red devil hits you but does no damage!
There is a staircase leading out of the dungeon here!
You have escaped!!!

#........#..#
#.######## #..
#..........># #.#
#..
#.......#.#####.##
####..
#................#
#.....
#........#....4#.#
#.....
#........#...2.#.#
#.....
#........#..4..#.#
#.....
#........#.....#.#
#.....
#........#..@..#.#
#.....
#........#.....#.#
######
#........#.....#.#
#........#.....#.#
#........#.....#.#
#######..........#
#......#####
########


You could see a balrug and 2 red devils.

Vanquished Creatures
  7 orbs of fire (Zot:5)
  5 ancient liches
  A juggernaut (Depths:4)
  Saint Roka (Vaults:5)
  Bai Suzhen (Vaults:4)
  A Killer Klown (Zot:5)
  A caustic shrike (Depths:4)
  2 golden dragons
  2 electric golems (Zot:5)
  12 tentacled monstrosities
  24 Orb Guardians
  3 liches
  4 quicksilver dragons
  7 titans
  A pandemonium lord (Depths:5)
  4 death cobs
  Polyphemus (Shoals:3)
  3 sphinxes
  4 shadow dragons
  An ancient champion (Vaults:3)
  2 krakens (Shoals:4)
  6 storm dragons
  Ilsuiw (Shoals:4)
  2 tengu reavers (Vaults:5)
  3 draconian monks
  6 fire giants
  15 nagarajas
  2 iron dragons (Vaults:5)
  2 draconian knights
  A deep elf sorcerer (Vaults:5)
  3 draconian scorchers
  14 vault wardens
  2 deep elf elementalists
  Louise (Depths:1)
  9 frost giants
  An emperor scorpion (shapeshifter) (Vaults:5)
  2 ghost moths (Zot:5)
  A juggernaut zombie (D:15)
  5 draconian annihilators
  18 ironheart preservers
  A draconian shifter (Zot:1)
  3 vampire knights
  3 war gargoyles (Vaults:5)
  5 deep elf demonologists
  18 stone giants
  11 very ugly things
  6 green draconians
  8 black draconians
  4 red draconians
  A lorocyproca (D:3)
  4 deep elf annihilators
  2 white draconians
  4 yellow draconians
  Azrael (D:13)
  6 purple draconians
  A deep elf death mage (Vaults:2)
  2 spark wasps (Depths:4)
  11 merfolk impalers
  Snorg (Lair:3)
  11 ettins
  11 yaktaur captains
  4 fire dragons
  7 merfolk javelineers
  Josephine (Orc:1)
  21 ogre magi
  3 rakshasas
  4 deep elf high priests
  7 naga warriors
  3 catoblepae
  16 hydras
  2 great orbs of eyes
  40 vault guards
  11 ice dragons
  4 merfolk avatars
  A spriggan air mage (Depths:4)
  A hydra (shapeshifter) (Vaults:5)
  4 death knights
  15 merfolk aquamancers
  A two-headed ogre (shapeshifter) (Vaults:2)
  Erica (D:8)
  5 anacondas
  3 satyrs
  10 centaur warriors
  3 tengu warriors
  4 deep troll shamans
  7 death yaks
  60 two-headed ogres
  2 vampire magi
  5 deep troll earth magi
  A large abomination (D:15)
  9 naga sharpshooters
  Urug (D:12)
  A spriggan berserker (Depths:4)
  6 shock serpents
  A small abomination (Vaults:2)
  A storm dragon zombie (Vaults:4)
  5 deep elf knights
  11 hell knights
  A shadow wraith (Vaults:4)
  3 salamander mystics
  A fire crab (shapeshifter) (Vaults:2)
  2 iron trolls (Depths:1)
  16 sea snakes
  A glowing orange brain (shapeshifter) (Vaults:5)
  2 glowing orange brains
  31 deep trolls
  8 naga ritualists
  2 unseen horrors
  10 wizards
  2 flayed ghosts
  6 deep elf archers
  9 orc knights
  29 harpies
  6 phantasmal warriors
  14 ironbrand convokers
  2 lindwurms (shapeshifter)
  5 orc sorcerers
  A human zombie (Vaults:4)
  A shadow dragon zombie (D:15)
  15 mana vipers
  10 cyclopes
  2 harpies (shapeshifter)
  31 ugly things
  4 wolf spiders
  18 deep elf magi
  7 necromancers
  A frost giant zombie (D:15)
  A tengu skeleton (Vaults:4)
  13 salamanders
  18 moths of wrath
  A fire giant zombie (D:15)
  22 fauns
  28 manticores
  6 guardian serpents (Snake:4)
  6 merfolk sirens
  3 elephants (Lair:6)
  A guardian serpent (shapeshifter) (Vaults:1)
  11 naga magi
  A torpor snail (Lair:5)
  5 water nymphs
  30 black mambas
  Maurice (D:12)
  23 vault sentinels
  A gargoyle (D:13)
  Psyche (D:10)
  26 spiny frogs
  2 spiny frogs (shapeshifter)
  2 centaur skeletons
  A rime drake (Lair:6)
  53 yaktaurs
  2 tengu conjurers (Depths:1)
  An ice devil (D:3)
  A human skeleton (Vaults:4)
  An efreet (D:14)
  10 freezing wraiths
  5 kobold demonologists
  8 komodo dragons
  2 guardian mummies (D:15)
  A queen bee (shapeshifter) (Vaults:4)
  A polar bear (Lair:6)
  35 merfolk
  20 trolls
  5 wind drakes
  A jumping spider (shapeshifter) (Depths:5)
  5 hornets
  4 tyrant leeches (Lair:6)
  10 hippogriffs
  3 dream sheep (Shoals:4)
  21 blink frogs
  30 slime creatures
  2 dream sheep (shapeshifter) (Vaults:1)
  6 snapping turtles
  2 spriggans (shapeshifter)
  3 air elementals (Depths:4)
  Sigmund (D:6)
  16 water elementals
  2 yaks (shapeshifter) (Vaults:1)
  7 wraiths
  3 fire elementals (D:13)
  47 yaks
  A human (shapeshifter) (Depths:1)
  2 golden eyes (D:3)
  6 basilisks
  18 humans (D:13)
  2 wyverns
  9 vampire mosquitoes
  4 hungry ghosts
  3 wargs
  34 nagas
  2 acid dragons
  3 soldier ants
  6 hell hounds
  14 water moccasins
  8 porcupines
  2 phantoms
  13 orc warriors
  2 sky beasts
  A hornet zombie (D:14)
  2 eyes of draining
  5 ice beasts
  56 ogres
  A necrophage (D:11)
  2 black bears
  3 wolves (Lair:1)
  9 boggarts
  19 centaurs
  4 big kobolds
  6 crocodiles
  A crocodile (shapeshifter) (Depths:1)
  21 bullfrogs
  2 gnoll sergeants
  4 scorpions
  18 killer bees
  A wight (Vaults:3)
  3 howler monkeys
  2 electric eels
  A bullfrog zombie (D:9)
  4 centaur zombies
  3 crimson imps
  A quasit (D:13)
  A human simulacrum (Vaults:1)
  A jelly (D:5)
  14 orc priests
  2 bullfrog skeletons
  A gnoll shaman (D:7)
  7 hounds
  16 orc wizards
  Ijyb (D:4)
  An iguana (D:4)
  12 worker ants
  3 big kobold zombies (Ossuary)
  4 mummies (Ossuary)
  A howler monkey zombie (D:11)
  16 gnolls
  15 adders
  5 shadow imps
  2 white imps
  An ooze (D:6)
  An adder zombie (D:7)
  3 adder skeletons
  4 worms
  3 dart slugs (D:1)
  8 leopard geckos
  57 orcs
  2 ball pythons
  13 bats
  5 giant cockroaches
  6 goblins
  12 hobgoblins
  13 jackals
  20 kobolds
  2 quokkas (D:2)
  8 frilled lizards
  3 hobgoblin zombies (Ossuary)
  A kobold zombie (D:5)
  A quokka skeleton (D:5)
  6 rats
  A rat zombie (D:5)
  4 bushes (Shoals:3)
  A crawling corpse (Vaults:2)
  6 fungi
  3 plants
  5 tentacles (Shoals:4)
1916 creatures vanquished.

Vanquished Creatures (collateral kills)
  A tentacled monstrosity (Depths:4)
  A fire giant (Depths:4)
  A deep elf sorcerer (Depths:5)
  An iron dragon (Vaults:5)
  A draconian stormcaller (Zot:1)
  An ironheart preserver (Vaults:1)
  A draconian shifter (Zot:1)
  A purple draconian (Zot:1)
  A black draconian (Zot:1)
  A red draconian (Zot:1)
  A deep elf high priest (Vaults:5)
  A naga warrior (Snake:4)
  A shock serpent (Snake:4)
  2 naga sharpshooters (Snake:4)
  A moth of wrath (Zot:1)
  3 salamanders (Snake:4)
  3 guardian serpents (Snake:4)
  3 black mambas (Snake:4)
  A naga mage (Snake:4)
  2 nagas (Snake:4)
28 creatures vanquished.

Vanquished Creatures (others)
  A fire giant (Depths:3)
  A purple draconian (Zot:3)
  An ogre mage (Vaults:2)
  A deep elf mage (Vaults:5)
  A necromancer (Vaults:4)
  A faun (Shoals:4)
  A naga mage (Snake:4)
  A chaos spawn (Zot:5)
  2 nagas
  2 ogres
  A boggart (Vaults:3)
  10 fungi (Lair:6)
  31 plants
  21 tentacles (Shoals:4)
75 creatures vanquished.

Grand Total: 2019 creatures vanquished

Notes
Turn   | Place    | Note
-------+----------+-------------------------------------------
     0 | D:1      | Gorglomux the Deep Dwarf Fighter began the quest for the Orb.
     0 | D:1      | Reached XP level 1. HP: 20/20 MP: 1/1
    27 | D:1      | Reached XP level 2. HP: 27/27 MP: 2/2
   270 | D:1      | Reached skill level 1 in Dodging
   416 | D:1      | Reached XP level 3. HP: 28/33 MP: 3/3
   553 | D:2      | Reached skill level 3 in Fighting
   650 | D:2      | Reached XP level 4. HP: 17/42 MP: 4/4
   736 | D:2      | Reached skill level 3 in Axes
  1247 | D:3      | Reached XP level 5. HP: 46/49 MP: 5/5
  1497 | D:3      | Reached XP level 6. HP: 38/56 MP: 6/6
  1911 | D:4      | Noticed Ijyb
  1942 | D:4      | Killed Ijyb
  2108 | D:4      | Reached skill level 3 in Dodging
  2172 | D:4      | Reached XP level 7. HP: 38/64 MP: 6/6
  2200 | D:4      | Found a staircase to the Ecumenical Temple.
  2214 | Temple   | Entered the Ecumenical Temple
  2222 | Temple   | Became a worshipper of Makhleb the Destroyer
  2401 | D:5      | Entered Level 5 of the Dungeon
  2495 | D:5      | Found Gulestr Bemn's Armour Shoppe.
  2642 | D:5      | Found a sand-covered staircase.
  2692 | Ossuary  | Entered an ossuary
  2816 | Ossuary  | Reached * piety under Makhleb
  2902 | D:5      | Reached XP level 8. HP: 58/73 MP: 6/6
  3182 | D:5      | Found a deep blue altar of Sif Muna.
  3463 | D:6      | Noticed Sigmund
  3476 | D:6      | Killed Sigmund
  3476 | D:6      | Reached skill level 6 in Armour
  3476 | D:6      | Reached skill level 6 in Shields
  3974 | D:7      | Found a runed door.
  4150 | D:7      | Found a hide-covered altar of Uskayaw.
  4161 | D:7      | Reached skill level 6 in Axes
  4161 | D:7      | Reached skill level 1 in Invocations
  4175 | D:7      | Gained mutation: You passively map the area around you. [Deep Dwarf growth]
  4175 | D:7      | Reached XP level 9. HP: 61/81 MP: 5/7
  4227 | D:7      | Found a flagged portal.
  4279 | D:7      | Reached skill level 2 in Invocations
  4325 | D:7      | Reached ** piety under Makhleb
  4575 | D:7      | Noticed Suckerboh's ghost (novice KoBe)
  4656 | D:8      | Found Vedath's Antique Weapon Shop.
  4659 | D:8      | Noticed Erica
  4704 | D:8      | Killed Erica
  4704 | D:8      | Reached skill level 6 in Dodging
  4704 | D:8      | Reached skill level 3 in Invocations
  4744 | D:8      | Reached skill level 6 in Fighting
  4778 | D:8      | Reached skill level 4 in Invocations
  5065 | D:8      | Reached XP level 10. HP: 26/91 MP: 8/8
  5295 | D:9      | Found Joamad's Armour Boutique.
  5330 | D:9      | Reached *** piety under Makhleb
  5450 | D:9      | Reached skill level 5 in Invocations
  5755 | D:9      | Found Uklissi's Food Shoppe.
  5920 | D:10     | Entered Level 10 of the Dungeon
  5990 | D:10     | Noticed Psyche
  6005 | D:10     | Killed Psyche
  6070 | D:10     | Reached skill level 6 in Invocations
  6690 | D:11     | Noticed a two-headed ogre
  6713 | D:11     | Reached XP level 11. HP: 47/100 MP: 4/6
  6747 | D:11     | Killed a two-headed ogre
  6747 | D:11     | Reached skill level 7 in Invocations
  6759 | D:11     | Reached **** piety under Makhleb
  6774 | D:11     | Found a staircase to the Lair.
  6953 | D:11     | Reached skill level 9 in Armour
  7049 | D:10     | Reached skill level 9 in Shields
  7068 | D:11     | Noticed a sun demon
  7089 | D:11     | Found Dar Petisoy's Weapon Shoppe.
  7090 | D:11     | Found a staircase to the Orcish Mines.
  7091 | D:11     | Found Ible Wil's Armour Shoppe.
  7138 | D:11     | Bought a +0 broad axe of freezing for 128 gold pieces
  7339 | D:11     | Killed an unseen horror
  7700 | Lair:1   | Entered Level 1 of the Lair of Beasts
  7712 | D:11     | Identified a scroll of acquirement
  7792 | Lair:1   | Reached skill level 9 in Axes
  7799 | Lair:1   | Found the +7 sceptre of Torment
  7901 | Lair:1   | Reached skill level 8 in Invocations
  8071 | Lair:1   | Found a glowing golden altar of the Shining One.
  8088 | Lair:1   | Reached ***** piety under Makhleb
  8505 | Lair:2   | Reached skill level 9 in Dodging
  8640 | Lair:2   | Reached XP level 12. HP: 52/110 MP: 6/6
  9424 | Lair:3   | Reached skill level 9 in Invocations
  9761 | Lair:3   | Noticed Snorg
  9771 | Lair:3   | Killed Snorg
 10011 | Lair:4   | Noticed a five-headed hydra
 10018 | Lair:4   | Killed a two-headed hydra
 10109 | Lair:4   | Noticed a catoblepas
 10129 | Lair:4   | Killed a catoblepas
 10168 | Lair:4   | Found a staircase to the Snake Pit.
 10364 | Lair:4   | Reached skill level 10 in Invocations
 10537 | Lair:4   | Found a dark tunnel.
 10770 | Lair:4   | Found a staircase to the Shoals.
 10783 | Lair:4   | Reached skill level 9 in Fighting
 11135 | Lair:5   | Noticed a five-headed hydra
 11137 | Lair:5   | Noticed a death yak
 11142 | Lair:5   | Killed a one-headed hydra
 11142 | Lair:5   | Reached XP level 13. HP: 111/121 MP: 8/8
 11560 | Lair:6   | Entered Level 6 of the Lair of Beasts
 11618 | Lair:6   | Reached skill level 11 in Invocations
 11631 | Lair:6   | Reached ****** piety under Makhleb
 12050 | Lair:6   | Gained mutation: You resist negative energy. (rN+) [Deep Dwarf growth]
 12050 | Lair:6   | Reached XP level 14. HP: 98/130 MP: 9/9
 12309 | Lair:6   | Got a spiked helmet
 12320 | Lair:6   | Identified the cursed +0 helmet of the Duchess {Str+3} (You found it on level 6 of the Lair of Beasts)
 12510 | Lair:6   | Found a viscous altar of Jiyva.
 12510 | Lair:6   | Found a staircase to the Slime Pits.
 12801 | D:12     | Reached skill level 12 in Invocations
 12925 | D:12     | Reached skill level 12 in Armour
 13004 | D:12     | Noticed Urug
 13016 | D:12     | Killed Urug
 13024 | D:12     | Reached skill level 12 in Shields
 13436 | D:12     | Noticed Maurice
 13449 | D:12     | Killed Maurice
 13625 | D:13     | Noticed Azrael
 13629 | D:13     | Paralysed by a hornet for 2 turns
 13641 | D:13     | Reached skill level 12 in Axes
 13668 | D:13     | Killed Azrael
 13799 | D:13     | Found a gate to the Vaults.
 13835 | D:13     | Reached skill level 12 in Dodging
 14065 | D:13     | Found Funac's Food Boutique.
 14654 | D:14     | Reached XP level 15. HP: 139/140 MP: 8/8
 14661 | D:14     | Reached skill level 13 in Invocations
 15206 | D:15     | Entered Level 15 of the Dungeon
 15280 | D:15     | Found Puta's General Store.
 15283 | D:15     | Found a staircase to the Depths.
 15316 | D:14     | Got a pair of ichor-stained boots
 15322 | D:14     | Identified the +0 pair of boots of Yrohur {-Tele rN++ Slay+2} (You acquired it on level 14 of the Dungeon)
 15407 | Orc:1    | Entered Level 1 of the Orcish Mines
 15467 | Orc:1    | Noticed Josephine
 15482 | Orc:1    | Killed Josephine
 15613 | Orc:2    | Entered Level 2 of the Orcish Mines
 15640 | Orc:2    | Found a staircase to the Elven Halls.
 15826 | Orc:2    | Found Teasadd's Weapon Boutique.
 15827 | Orc:2    | Found Roerphu's Weapon Shop.
 15914 | Orc:2    | Found Zauckiwiap's Distillery.
 15923 | Orc:2    | Found Qiuhasit's General Store.
 16334 | D:5      | Bought +1 gold dragon scales for 1305 gold pieces
 16499 | Orc:2    | Bought a potion of flight for 45 gold pieces
 16499 | Orc:2    | Bought a potion of haste for 150 gold pieces
 16499 | Orc:2    | Bought a potion of heal wounds for 75 gold pieces
 16499 | Orc:2    | Bought a potion of might for 60 gold pieces
 16499 | Orc:2    | Bought 2 potions of mutation for 240 gold pieces
 16499 | Orc:2    | Bought a potion of mutation for 120 gold pieces
 16499 | Orc:2    | Bought a potion of curing for 45 gold pieces
 16636 | Snake:1  | Entered Level 1 of the Snake Pit
 16831 | Snake:1  | Found Widy's Gadget Shoppe.
 16832 | Snake:1  | Found Uxierygoff's Jewellery Boutique.
 16833 | Snake:1  | Found Duhufenu's Gadget Shoppe.
 17156 | Snake:2  | Reached skill level 14 in Invocations
 17252 | Snake:2  | Got a transparent large shield
 17263 | Snake:2  | Identified the +8 large shield of Boiling Hail {rElec Dex+3} (You acquired it on level 2 of the Snake Pit)
 17439 | Snake:2  | Reached XP level 16. HP: 151/151 MP: 1/7
 18199 | Snake:4  | Entered Level 4 of the Snake Pit
 18468 | Snake:4  | Reached skill level 12 in Fighting
 18597 | Snake:4  | Reached skill level 15 in Invocations
 18980 | Snake:4  | Reached XP level 17. HP: 79/159 MP: 9/9
 19063 | Snake:4  | Got a serpentine rune of Zot
 19445 | Shoals:1 | Entered Level 1 of the Shoals
 19602 | Shoals:1 | Found Rodwyvy's General Store.
 19821 | Shoals:1 | Bought a potion of heal wounds for 60 gold pieces
 20608 | Shoals:2 | Reached skill level 16 in Invocations
 20715 | Shoals:2 | Reached skill level 15 in Armour
 20986 | Shoals:3 | Reached skill level 15 in Shields
 21188 | Shoals:3 | Gained mutation: You passively map a large area around you. [Deep Dwarf growth]
 21188 | Shoals:3 | Reached XP level 18. HP: 170/170 MP: 10/10
 21593 | Shoals:3 | Reached skill level 15 in Axes
 21721 | Shoals:4 | Entered Level 4 of the Shoals
 21723 | Shoals:4 | Noticed Polyphemus
 21744 | Shoals:4 | Noticed Ilsuiw
 21778 | Shoals:3 | Killed Polyphemus
 21942 | Shoals:4 | Reached skill level 15 in Dodging
 22132 | Shoals:4 | Got a bound tin ring
 22691 | Shoals:4 | Killed Ilsuiw
 22720 | Shoals:4 | Found a shadowy altar of Dithmenos.
 22809 | Shoals:4 | Got a barnacled rune of Zot
 23303 | Vaults:1 | Entered Level 1 of the Vaults
 23389 | Vaults:1 | Identified the ring of Xec Wies {+Fly AC+6} (You took it off a merfolk on level 4 of the Shoals)
 23415 | Vaults:1 | Noticed a tentacled monstrosity
 23427 | Vaults:1 | Reached skill level 17 in Invocations
 23442 | Vaults:1 | Killed a tentacled monstrosity
 23721 | Vaults:1 | Reached XP level 19. HP: 180/180 MP: 11/11
 25187 | Vaults:2 | Reached skill level 18 in Invocations
 25455 | Vaults:2 | Reached XP level 20. HP: 190/190 MP: 13/13
 25822 | Vaults:3 | Found a staircase to the Crypt.
 26374 | Vaults:3 | Found Reudaxto's Food Emporium.
 26635 | Vaults:3 | Found Qekusurch's Magic Scroll Boutique.
 26644 | Vaults:3 | Bought a scroll of enchant weapon for 127 gold pieces
 26644 | Vaults:3 | Bought a scroll of blinking for 127 gold pieces
 26644 | Vaults:3 | Bought a scroll of fear for 59 gold pieces
 26644 | Vaults:3 | Bought a scroll of fog for 34 gold pieces
 26644 | Vaults:3 | Bought a scroll of fog for 34 gold pieces
 26644 | Vaults:3 | Bought a scroll of magic mapping for 59 gold pieces
 26644 | Vaults:3 | Bought a scroll of teleportation for 51 gold pieces
 26644 | Vaults:3 | Bought a scroll of enchant armour for 127 gold pieces
 27148 | Vaults:4 | Noticed Bai Suzhen
 27174 | Vaults:4 | Killed Bai Suzhen
 27200 | Vaults:4 | Reached XP level 21. HP: 200/200 MP: 14/14
 27297 | Vaults:4 | Reached skill level 19 in Invocations
 27816 | Vaults:4 | Reached skill level 15 in Fighting
 28111 | Vaults:5 | Entered Level 5 of the Vaults
 28172 | Vaults:5 | Found Peesot's Distillery.
 28185 | Vaults:5 | Noticed Saint Roka
 28227 | Vaults:5 | Killed Saint Roka
 28405 | Vaults:5 | Bought 2 potions of curing for 120 gold pieces
 28405 | Vaults:5 | Bought a potion of heal wounds for 100 gold pieces
 28405 | Vaults:5 | Bought 2 potions of curing for 120 gold pieces
 28405 | Vaults:5 | Bought a potion of curing for 60 gold pieces
 28405 | Vaults:5 | Bought a potion of agility for 80 gold pieces
 28405 | Vaults:5 | Bought a potion of mutation for 160 gold pieces
 28454 | Vaults:5 | Noticed a caustic shrike
 28454 | Vaults:5 | an iron giant changed into a caustic shrike
 28459 | Vaults:5 | a caustic shrike changed into an acid blob
 28519 | Vaults:5 | Reached skill level 18 in Armour
 28589 | Vaults:5 | Reached skill level 18 in Shields
 28591 | Vaults:5 | Noticed an ancient lich
 28604 | Vaults:5 | Killed an ancient lich
 28604 | Vaults:5 | Reached XP level 22. HP: 167/211 MP: 14/14
 28613 | Vaults:5 | Identified the +0 pair of gloves "Wetiulluw" {rC- Int+2 Dex+5} (You found it on level 5 of the Vaults)
 28837 | Vaults:5 | Reached skill level 18 in Axes
 28854 | Vaults:5 | Reached skill level 20 in Invocations
 29003 | Vaults:5 | Got a silver rune of Zot
 29084 | Vaults:5 | Identified the ring of Mysticism {*Tele rPois} (You found it on level 5 of the Vaults)
 29086 | Vaults:5 | Identified the ring "Ynauv" {+Fly rC+ Slay+2} (You found it on level 5 of the Vaults)
 29133 | Vaults:5 | Reached skill level 18 in Dodging
 29335 | Vaults:5 | Noticed Sojobo
 29336 | Vaults:5 | Noticed a golden dragon
 29338 | Vaults:5 | Found the +15 Maxwell's patent armour {-Cast -Tele rElec MR+ rCorr}
 30093 | Depths:1 | Entered Level 1 of the Depths
 30151 | Depths:1 | Found a gateway to Hell.
 30270 | Depths:1 | Found a one-way gate to the infinite horrors of the Abyss.
 30270 | Depths:1 | Noticed Louise
 30286 | Depths:1 | Killed Louise
 30739 | Depths:1 | Found Xodghudi's Armour Shoppe.
 30801 | Depths:1 | Bought the cursed +0 pair of gloves "Antirall" {+Blink rPois rC+ Regen+} for 614 gold pieces
 30820 | Depths:1 | Found a runed door.
 30982 | Depths:1 | Found a radiant altar of Vehumet.
 30982 | Depths:1 | Noticed an ancient lich
 30988 | Depths:1 | Reached XP level 23. HP: 210/220 MP: 16/16
 31003 | Depths:1 | Killed an ancient lich
 31009 | Depths:1 | Identified the Catalogue of Conjuration
 31372 | Depths:4 | Reached skill level 21 in Invocations
 31478 | Depths:4 | Noticed a caustic shrike
 31493 | Depths:4 | Killed a caustic shrike
 31505 | Depths:4 | Noticed a juggernaut
 31520 | Depths:4 | Killed a juggernaut
 31757 | Depths:5 | Entered Level 5 of the Depths
 31892 | Depths:5 | Found a gate to the Realm of Zot.
 31899 | Zot:1    | Entered Level 1 of the Realm of Zot
 31968 | Zot:1    | Reached XP level 24. HP: 221/231 MP: 14/14
 32224 | Zot:5    | Entered Level 5 of the Realm of Zot
 32483 | Zot:5    | Noticed an ancient lich
 32494 | Zot:5    | Killed an ancient lich
 32494 | Zot:5    | Reached skill level 22 in Invocations
 32533 | Zot:5    | Noticed an orb of fire
 32556 | Zot:5    | Killed an orb of fire
 32754 | Zot:5    | Noticed an orb of fire
 32766 | Zot:5    | Gained mutation: Your magical capacity is low. (-10% MP) [an orb of fire]
 32769 | Zot:5    | Gained mutation: Your spells are a little harder to cast, but a little more powerful. [an orb of fire]
 32770 | Zot:5    | Noticed an orb of fire
 32778 | Zot:5    | Killed an orb of fire
 32778 | Zot:5    | Reached XP level 25. HP: 164/242 MP: 11/11
 32799 | Zot:5    | Killed an orb of fire
 32811 | Zot:5    | Noticed an orb of fire
 32829 | Zot:5    | Gained mutation: You are frail. (-10% HP) [an orb of fire]
 32833 | Zot:5    | Killed an orb of fire
 32842 | Zot:5    | Noticed an ancient lich
 32855 | Zot:5    | Killed an ancient lich
 32866 | Zot:5    | Noticed an orb of fire
 32878 | Zot:5    | Gained mutation: You are very frail. (-20% HP) [an orb of fire]
 32881 | Zot:5    | Gained mutation: You have a somewhat thin skeletal structure. (Dex +2, Stealth) [an orb of fire]
 32885 | Zot:5    | Gained mutation: Your magical capacity is very low. (-20% MP) [an orb of fire]
 32891 | Zot:5    | Gained mutation: Your body sometimes deteriorates upon taking damage. [an orb of fire]
 32893 | Zot:5    | Gained mutation: You tend to lose your temper in combat. [an orb of fire]
 32895 | Zot:5    | Killed an orb of fire
 32943 | Zot:5    | Lost mutation: You are very frail. (-20% HP) [potion of mutation]
 32943 | Zot:5    | Lost mutation: Your body sometimes deteriorates upon taking damage. [potion of mutation]
 32943 | Zot:5    | Lost mutation: You are frail. (-10% HP) [potion of mutation]
 32943 | Zot:5    | Lost mutation: Your magical capacity is very low. (-20% MP) [potion of mutation]
 32943 | Zot:5    | Gained mutation: You are robust. (+10% HP) [potion of mutation]
 32943 | Zot:5    | Gained mutation: You have supernaturally acute eyesight. (SInv) [potion of mutation]
 32944 | Zot:5    | Lost mutation: Your spells are a little harder to cast, but a little more powerful. [potion of mutation]
 32944 | Zot:5    | Lost mutation: You are robust. (+10% HP) [potion of mutation]
 32944 | Zot:5    | Lost mutation: Your magical capacity is low. (-10% MP) [potion of mutation]
 32944 | Zot:5    | Lost mutation: You tend to lose your temper in combat. [potion of mutation]
 32944 | Zot:5    | Gained mutation: Your flesh is cold resistant. (rC+) [potion of mutation]
 32944 | Zot:5    | Gained mutation: Your mind is acute. (Int +2) [potion of mutation]
 32947 | Zot:5    | Noticed an ancient lich
 32962 | Zot:5    | Noticed an orb of fire
 32964 | Zot:5    | Killed an ancient lich
 32977 | Zot:5    | Gained mutation: You are clumsy. (Dex -2) [an orb of fire]
 32985 | Zot:5    | Killed an orb of fire
 33006 | Zot:5    | Noticed an orb of fire
 33010 | Zot:5    | Gained mutation: Your magical capacity is low. (-10% MP) [an orb of fire]
 33030 | Zot:5    | Got the Orb of Zot
 33034 | Zot:5    | Killed an orb of fire
 33127 | Zot:1    | Noticed Tus Wama the pandemonium lord
 33143 | Depths:5 | Killed Tus Wama the pandemonium lord
 33393 | D:7      | Noticed Seebb the pandemonium lord
 33521 | D:$      | Escaped with the Orb!

Skill      XL: |  1  2  3  4  5  6  7  8  9 10 11 12 13 14 15 16 17 18 19 20 21 22 23 24 25 |
---------------+----------------------------------------------------------------------------+-----
Dodging        | 1 2 3 4 5 6 7 9 10 11 12 13 14 15 16 17 18 19 20 | 20.4
Fighting       | 3 4 5 6 7 8 9 10 11 12 13 14 15 16 17 | 17.8
Axes           | 3 4 5 6 7 8 9 10 11 12 13 14 15 16 17 18 19 20 | 20.5
Shields        | 4 5 6 7 8 9 10 11 12 13 14 15 16 17 18 19 20 | 20.6
Armour         | 4 5 6 7 8 9 10 11 12 13 14 15 16 17 18 19 20 | 20.6
Invocations    | 1 4 6 8 10 11 12 14 15 16 17 18 19 20 21 22 | 22.9

Action                   |  1- 3 |  4- 6 |  7- 9 | 10-12 | 13-15 | 16-18 | 19-21 | 22-24 | 25-27 || total
-------------------------+-------+-------+-------+-------+-------+-------+-------+-------+-------++-------
Melee: War axe           |   125 |   239 |   540 |   435 |       |       |       |       |       ||  1339
       Unarmed           |       |    17 |       |       |       |       |       |       |       ||    17
       Broad axe         |       |       |       |   377 |  1102 |  1898 |  1504 |  1515 |   243 ||  6639
Invok: Minor Destruction |       |       |     4 |    26 |     9 |     8 |       |       |       ||    47
       Greater Servant o |       |       |       |       |       |     3 |     1 |     5 |       ||     9
 Abil: Heal Wounds       |       |     3 |    18 |    24 |    32 |    17 |     8 |    12 |     3 ||   117
Evoke: Wand              |       |       |     4 |     3 |       |     3 |       |     2 |     1 ||    13
       Lamp of fire      |       |       |       |       |       |     1 |       |       |       ||     1
  Use: Scroll            |       |       |     6 |    24 |     9 |    11 |     4 |    14 |     1 ||    69
       Potion            |       |       |     2 |     2 |     1 |     5 |     1 |     5 |     9 ||    25
 Stab: Petrified         |       |       |       |     1 |       |       |       |       |       ||     1
       Distracted        |       |       |       |       |       |     2 |     1 |     2 |       ||     5
       Confused          |       |       |       |       |       |       |       |     1 |     4 ||     5
  Eat: Chunk             |       |     5 |    11 |    24 |    20 |    20 |    18 |    12 |       ||   110
       Ration            |       |       |       |     1 |     1 |     2 |       |     2 |       ||     6
Armor: Scale mail        |    82 |   151 |   170 |       |       |       |       |       |       ||   403
       Skin              |       |       |    39 |       |       |       |       |       |       ||    39
       Chain mail        |       |       |    35 |   391 |   351 |       |       |       |       ||   777
       Gold dragon scale |       |       |       |       |    74 |   822 |   347 |   555 |    29 ||  1827
Dodge: Dodged            |    59 |   116 |   238 |   429 |   612 |   459 |   295 |   426 |    42 ||  2676
Block: Shield            |    78 |   150 |   355 |   647 |   869 |       |       |       |       ||  2099
       Large shield      |       |       |       |       |    71 |  2910 |  1745 |  2032 |   164 ||  6922
